 Dungeon Crawl Stone Soup version 0.21-a0-94-gdd6ab6a (webtiles) character file.

150 Ordine the Shield-Bearer (level 5, 23/32 HPs)
             Began as a Gargoyle Fighter on July 3, 2017.
             Quit the game on level 4 of the Dungeon.
             The game lasted 00:08:48 (2359 turns).

Ordine the Shield-Bearer (Gargoyle Fighter)         Turns: 2359, Time: 00:08:49

Health: 23/32      AC: 10    Str: 24    XL:     5   Next: 32%
Magic:  5/5        EV:  2    Int: 11    God:
Gold:   12         SH:  0    Dex: -2 (10) Spells: 4/4 levels left

rFire    . . .     SeeInvis .   a - +0 flail
rCold    . . .     Gourm    .   q - +2 shield
rNeg     + + .     Faith    .   b - +0 scale mail
rPois    ∞         Spirit   .   (no helmet)
rElec    +         Reflect  .   (no cloak)
rCorr    .         Harm     .   (no gloves)
MR       .....                  (no boots)
Stlth    ..........             (no amulet)
HPRegen  0.10/turn              e - +2 ring of intelligence
MPRegen  0.09/turn              g - ring of positive energy

@: mighty, slowed, lost dexterity, very slow
A: negative energy resistance 1, electricity resistance, unbreathing,
petrification resistance, rot immunity, AC +4
a: no special abilities


You were on level 4 of the Dungeon.
You were very hungry.

You visited 1 branch of the dungeon, and saw 4 of its levels.

You collected 150 gold pieces.
You spent 138 gold pieces at shops.

Inventory:

Hand Weapons
 a - a +0 flail (weapon)
Armour
 b - a +0 scale mail (worn)
 q - a +2 shield (worn)
Jewellery
 e - a +2 ring of intelligence (left hand)
 g - a ring of positive energy (right hand)
Scrolls
 h - a scroll of enchant armour
 o - a scroll of teleportation
Potions
 i - a potion of magic
 j - a potion of agility
 k - a potion of curing
Comestibles
 f - 2 bread rations
 m - a meat ration
 n - 3 fruits


   Skills:
 - Level 3.2 Fighting
 * Level 4.4 Maces & Flails
 - Level 3.2 Armour
 + Level 4.6 Shields


You had 4 spell levels left.
You didn't know any spells.

Dungeon Overview and Level Annotations

Branches:
Dungeon (4/15)
 Temple: D:4-7

Altars:

Shops:
D:4 *


Innate Abilities, Weirdness & Mutations

You are resistant to torment.
Your stone body is resilient. (AC +4)
You are immune to poison.
You resist negative energy. (rN+)
You are resistant to electric shocks. (rElec)
You can survive without breathing.
You are immune to petrification.
You are immune to rotting.


Message History

The quasit claws you but does no damage. x2
The quasit bites you but does no damage.
The quasit claws you.
You feel clumsy.
The quasit claws you but does no damage.
The quasit bites you but does no damage.
The quasit claws you but does no damage. x2
Unknown command.
Unknown command.
You miss the quasit.
The quasit is almost dead.
The quasit bites you but does no damage.
The quasit claws you but does no damage. x2
The quasit bites you but does no damage.
The quasit claws you but does no damage. x2
The quasit bites you but does no damage.
The quasit claws you but does no damage.
The quasit claws you.
You feel clumsy.
Are you sure you want to abandon this character and quit the game? (Confirm with "yes".)

##.. #..# #..# ##..# .
##...# .. ###....## #..
###.......## #...
#####..........#####....
......5@................
.....#####.∩..........(.
... ####.....<####. .
##.....# #.....#
#......# #........
##........ ..#######


You could see a quasit.

Vanquished Creatures
  A scorpion (D:4)
  2 adders (D:2)
  An ooze (D:1)
  2 worms (D:2)
  2 dart slugs (D:2)
  2 leopard geckos (D:2)
  An orc (D:3)
  5 giant cockroaches
  10 goblins
  3 hobgoblins
  4 jackals (D:1)
  8 kobolds
  10 bats
  5 frilled lizards
  5 rats
61 creatures vanquished.

Notes
Turn   | Place    | Note
-------+----------+-------------------------------------------
     0 | D:1      | Ordine the Gargoyle Fighter began the quest for the Orb.
     0 | D:1      | Reached XP level 1. HP: 14/14 MP: 1/1
   176 | D:1      | Reached XP level 2. HP: 19/19 MP: 2/2
   365 | D:1      | Reached XP level 3. HP: 23/23 MP: 3/3
   971 | D:2      | Reached XP level 4. HP: 21/28 MP: 4/4
  2259 | D:4      | Found Ybues's Assorted Antiques.
  2272 | D:4      | Reached XP level 5. HP: 32/32 MP: 5/5
  2275 | D:4      | Bought a scroll labeled IFUIKI LIJEPH for 23 gold pieces
  2275 | D:4      | Bought an onyx ring for 115 gold pieces
  2354 | D:4      | Lost dexterity.
  2359 | D:4      | Quit the game

Vault maps used:
D:1:      sevenhm_arrival_forest_fort_small_4
D:3:      grunt_decor_clamped
D:4:      first_bread, serial_shops, shop, nicolae_shop_crystal, shop, shop

Skill      XL: |  1  2  3  4 |
---------------+-------------+-----
Maces & Flails | 3 4 |  4.4
Shields        | 4 |  4.6
Fighting       | |  3.2
Armour         | |  3.2

Action                   |  1- 3 |  4- 6 || total
-------------------------+-------+-------++-------
Melee: Flail             |   109 |   156 ||   265
  Use: Scroll            |     4 |     7 ||    11
       Potion            |       |     3 ||     3
  Eat: Chunk             |       |     4 ||     4
Armor: Scale mail        |    76 |   172 ||   248
       Skin              |       |    29 ||    29
Dodge: Dodged            |    44 |    76 ||   120
Block: Shield            |    68 |   160 ||   228
